 Dungeon Crawl Stone Soup version 0.21.1-1-g345015f (webtiles) character file.

212 Fortress the Firebug (level 5, -2/38 HPs)
             Began as a Draconian Fire Elementalist on June 26, 2018.
             Slain by an orc priest
             ... wielding a cursed -3 dagger
              (4 damage)
             ... on level 3 of the Dungeon.
             The game lasted 00:18:28 (2959 turns).

Fortress the Firebug (Draconian Fire Elementalist)  Turns: 2959, Time: 00:18:29

Health: -2/38      AC:  5    Str: 10    XL:     5   Next: 58%
Magic:  9/9        EV: 12    Int: 16    God:
Gold:   144        SH:  0    Dex: 12    Spells: 4/10 levels left

rFire    . . .     SeeInvis .   g - +1 dagger (venom)
rCold    . . .     Gourm    .   (no shield)
rNeg     . . .     Faith    .   (armour unavailable)
rPois    +         Spirit   .   (helmet restricted)
rElec    .         Reflect  .   (no cloak)
rCorr    .         Harm     .   (no gloves)
MR       .....                  (no boots)
Stlth    ++........             (no amulet)
HPRegen  0.12/turn              k - ring of poison resistance
MPRegen  0.11/turn              t - ring of wizardry

@: very slightly contaminated, invisible
A: unfitting armour, cold-blooded, AC +5
a: no special abilities


You were on level 3 of the Dungeon.
You were not hungry.

You visited 1 branch of the dungeon, and saw 4 of its levels.

You collected 144 gold pieces.

Inventory:

Hand Weapons
 g - a +1 dagger of venom (weapon)
 x - a +0 mace of protection
 y - a +1 mace of holy wrath
Missiles
 c - 149 stones (quivered)
 f - 2 needles of paralysis
 i - 18 poisoned needles
Jewellery
 k - a ring of poison resistance (left hand)
 t - a ring of wizardry (right hand)
Scrolls
 e - 5 scrolls of identify
 h - a scroll of fear
 j - a scroll of magic mapping {unknown}
 m - a scroll of remove curse
 q - 2 scrolls of immolation {unknown}
 r - 2 scrolls of teleportation {unknown}
 w - a scroll of enchant armour {unknown}
Potions
 d - a potion of berserk rage {unknown}
 l - a potion of heal wounds {unknown}
 n - a potion of resistance {unknown}
 o - a potion of degeneration {unknown}
 p - 3 potions of flight
 u - a potion of brilliance {unknown}
Books
 a - a book of Flames

   Spells                             Type                      Level
   a - Flame Tongue                   Conjuration/Fire             1
   b - Throw Flame                    Conjuration/Fire             2
   c - Conjure Flame                  Conjuration/Fire             3
   d - Inner Flame                    Hexes/Fire                   3
   e - Sticky Flame                   Conjuration/Fire             4
   f - Fireball                       Conjuration/Fire             5
Comestibles
 b - 8 rations


   Skills:
 + Level 0.3 Short Blades
 + Level 2.4 Dodging
 - Level 1.7 Stealth
 + Level 3.1 Spellcasting
 * Level 3.5 Conjurations
 + Level 4.0 Fire Magic


You had 4 spell levels left.
You knew the following spells:

 Your Spells              Type           Power        Failure   Level  Hunger
a - Flame Tongue          Conj/Fire      ##...        1%          1    #......
b - Throw Flame           Conj/Fire      ##....       2%          2    ##.....
c - Conjure Flame         Conj/Fire      ##......     4%          3    ###....


Dungeon Overview and Level Annotations

Branches:
Dungeon (4/15)
 Temple: D:4-7

Altars:
Nemelex Xobeh


Innate Abilities, Weirdness & Mutations

Your plain brown scales are hard. (AC +5)
You cannot fit into any form of body armour.
You are cold-blooded and may be slowed by cold attacks.


Message History

The orc priest is moderately wounded.
The adder bites you but does no damage. The orc hits you with a club.
The orc priest calls down the wrath of Beogh upon you.
Beogh smites you!
* * * LOW HITPOINT WARNING * * *
The adder barely misses you.
It was a potion of invisibility.
You fade into invisibility!
The orc barely misses you. The adder bites you but does no damage.
The orc priest closely misses you.
You are very lightly contaminated with residual magic.
A kobold comes into view. It is wielding a short sword.
You miss the adder. The adder barely misses you. The orc misses you.
The orc priest begins to cast a cantrip, but forgets the words!
You catch the helpless adder completely off-guard!
You hit the adder.
The adder is poisoned.
The adder is heavily wounded.
The adder closely misses you. The orc closely misses you.
The orc priest hits you with an enchanted dagger.
You die...

####+##)#
#.......#
#.......#
#.......#
#.......#
#.......#
#.......#
#......o####...
#.....o@S.K....
#############'#


You could see an orc priest, an adder, an orc and a kobold (wandering).

Vanquished Creatures
  A worker ant (D:3)
  8 adders
  An ooze (D:1)
  3 worms
  2 dart slugs
  4 leopard geckos
  10 orcs (D:3)
  8 bats
  3 giant cockroaches
  8 goblins
  8 hobgoblins
  5 jackals (D:1)
  A quokka (D:3)
  3 frilled lizards
  16 kobolds
  7 rats
88 creatures vanquished.

Notes
Turn   | Place    | Note
-------+----------+-------------------------------------------
     0 | D:1      | Fortress the Draconian Fire Elementalist began the quest for the Orb.
     0 | D:1      | Reached XP level 1. HP: 14/14 MP: 3/3
   276 | D:1      | Reached XP level 2. HP: 20/20 MP: 0/5
   319 | D:1      | Found a sparkling altar of Nemelex Xobeh.
   816 | D:1      | Reached XP level 3. HP: 26/26 MP: 3/6
  1392 | D:2      | Learned a level 2 spell: Throw Flame
  1412 | D:2      | Reached XP level 4. HP: 33/33 MP: 0/7
  2051 | D:3      | Learned a level 3 spell: Conjure Flame
  2174 | D:3      | Reached XP level 5. HP: 38/38 MP: 0/9
  2659 | D:3      | Reached skill level 4 in Fire Magic
  2956 | D:3      | HP: 1/38 [orc priest/divine providence (14)]
  2959 | D:3      | Slain by an orc priest

Skill      XL: |  1  2  3  4  5 |
---------------+----------------+-----
Dodging        | 2 |  2.4
Conjurations   | 2 3 |  3.5
Spellcasting   | 3 |  3.1
Fire Magic     | 4 |  4.0
Short Blades   | |  0.3
Stealth        | |  1.7

Action                   |  1- 3 |  4- 6 || total
-------------------------+-------+-------++-------
Melee: Unarmed           |    13 |       ||    13
       Short sword       |     8 |       ||     8
       Dagger            |    18 |    60 ||    78
       Tailslap          |     3 |     6 ||     9
 Cast: Flame Tongue      |    62 |    42 ||   104
       Throw Flame       |       |    30 ||    30
  Use: Scroll            |       |     3 ||     3
       Potion            |       |     1 ||     1
 Stab: Invisible         |       |     1 ||     1
  Eat: Chunk             |     2 |     7 ||     9
Armor: Skin              |    16 |    17 ||    33
Dodge: Dodged            |    39 |    60 ||    99
